BR (22 & UNDER)
AMITY GARDENS WESTERNERS @ LOGAN SWANS
07/31/2028
 
TOP OF THE 1ST
Amity Gardens Westerners batting - Pitching for Logan Swans : RHP Matt McGrath
Pitching: RHP Matt McGrath
Batting: RHB Manny Olhoa 0-0: Ball
1-0: Called Strike
1-1: Foul Ball, location: 2F
1-2: Ball
2-2: Strikes out looking
Batting: SHB Howard Romero 0-0: Called Strike
0-1: Foul Ball, location: 2F
0-2: Ball
1-2: Foul Ball, location: 2F
1-2: Foul Ball, location: 2F
1-2: Foul Ball, location: 2F
1-2: Ball
2-2: Ground out U3 (Groundball, 34)
Batting: RHB Carlos Dumenigo 0-0: Ball
1-0: Called Strike
1-1: Foul Ball, location: 2F
1-2: Ball
2-2: SINGLE (Line Drive, 4)
Batting: RHB Justin Tomlinson 0-0: Ball
1-0: Fly out, F8 (Flyball, 8LS)
Top of the 1st over - 0 run(s), 1 hit(s), 0 error(s), 1 left on base; Amity Gardens 0 - Logan 0
BOTTOM OF THE 1ST
Logan Swans batting - Pitching for Amity Gardens Westerners : RHP James Mantle
Pitching: RHP James Mantle
Batting: SHB Francisco García 0-0: Called Strike
0-1: Ball
1-1: Foul Ball, location: 2F
1-2: Ball
2-2: Ball
3-2: Foul Ball, location: 2F
3-2: Strikes out swinging
Batting: RHB Víctor Cuevas 0-0: Called Strike
0-1: Ground out 5-3 (Groundball, 5)
Batting: LHB Merrill Erickson 0-0: Swinging Strike
0-1: Swinging Strike
0-2: Ball
1-2: Strikes out swinging
Bottom of the 1st over - 0 run(s), 0 hit(s), 0 error(s), 0 left on base; Amity Gardens 0 - Logan 0
TOP OF THE 2ND
Amity Gardens Westerners batting - Pitching for Logan Swans : RHP Matt McGrath
Batting: LHB Jack Mitchell 0-0: Ball
1-0: Ball
2-0: Foul Ball, location: 2F
2-1: Fly out, F7 (Line Drive, 7D)
Batting: RHB Jonathon García 0-0: Foul Ball, location: 2F
0-1: Swinging Strike
0-2: Ground out 5-3 (Groundball, 56)
Batting: RHB Pat Johnston 0-0: Ball
1-0: Ball
2-0: Called Strike
2-1: Foul Ball, location: 2F
2-2: Fly out, F7 (Flyball, 78M)
Top of the 2nd over - 0 run(s), 0 hit(s), 0 error(s), 0 left on base; Amity Gardens 0 - Logan 0
BOTTOM OF THE 2ND
Logan Swans batting - Pitching for Amity Gardens Westerners : RHP James Mantle
Batting: RHB Lawrence Ware 0-0: Swinging Strike
0-1: Foul Ball, location: 2F
0-2: Strikes out swinging
Batting: LHB Roberto Herrera 0-0: Ball
1-0: Foul Ball, location: 2F
1-1: Ball
2-1: Ball
3-1: Base on Balls
Batting: SHB Torajiro Ito 0-0: Called Strike
0-1: Ball
1-1: Swinging Strike
1-2: Strikes out swinging
Batting: RHB Júlio Ramos 0-0: Called Strike
0-1: Swinging Strike
0-2: Foul Ball, location: 2F
0-2: Foul Ball, location: 2F
0-2: Ball
1-2: TRIPLE (Flyball, 9LD)
Roberto Herrera scores
Batting: LHB Francisco Ríos 0-0: Called Strike
0-1: Foul Ball, location: 2F
0-2: Ball
1-2: Ball
2-2: Foul Ball, location: 2F
2-2: Foul Ball, location: 2F
2-2: Fly out, F7 (Line Drive, 7S)
Bottom of the 2nd over - 1 run(s), 1 hit(s), 0 error(s), 1 left on base; Amity Gardens 0 - Logan 1
TOP OF THE 3RD
Amity Gardens Westerners batting - Pitching for Logan Swans : RHP Matt McGrath
Batting: RHB Gustavo Todd 0-0: Ball
1-0: Ball
2-0: SINGLE (Flyball, 7LM)
Batting: RHB Tomás Rivera 0-0: Ball
1-0: Foul Ball, location: 2F
1-1: Fly out, F8 (Flyball, 8LS)
Batting: RHB Manny Olhoa 0-0: Ball
1-0: Fielders Choice at 2nd, 1-6 (Groundball, P)
Batting: SHB Howard Romero 0-0: Called Strike
Manny Olhoa is caught stealing 2nd base
Top of the 3rd over - 0 run(s), 1 hit(s), 0 error(s), 0 left on base; Amity Gardens 0 - Logan 1
BOTTOM OF THE 3RD
Logan Swans batting - Pitching for Amity Gardens Westerners : RHP James Mantle
Batting: RHB William Dyer 0-0: Ball
1-0: Called Strike
1-1: Swinging Strike
1-2: SOLO HOME RUN (Flyball, 9LD), Distance : 363 ft
Batting: SHB Francisco García 0-0: Ball
1-0: Called Strike
1-1: SINGLE (Groundball, 3S) (infield hit)
Batting: RHB Víctor Cuevas 0-0: Ball
Pickoff Throw to First - Error! E1
Francisco García to second
1-0: Foul Ball, location: 2F
1-1: Ball
2-1: Called Strike
2-2: Foul Ball, location: 2F
2-2: Ground out 3-1 (Groundball, 34S)
Francisco García to third
Batting: LHB Merrill Erickson 0-0: Called Strike
0-1: Foul Ball, location: 2F
0-2: Ground out 4-3 (Groundball, 4)
Francisco García scores
Batting: RHB Lawrence Ware 0-0: Called Strike
0-1: Ball
1-1: Ground out 6-3 (Groundball, 56D)
Bottom of the 3rd over - 2 run(s), 2 hit(s), 1 error(s), 0 left on base; Amity Gardens 0 - Logan 3
TOP OF THE 4TH
Amity Gardens Westerners batting - Pitching for Logan Swans : RHP Matt McGrath
Batting: SHB Howard Romero 0-0: DOUBLE (Groundball, 3L)
Batting: RHB Carlos Dumenigo 0-0: Ball
1-0: Ball
2-0: Ball
3-0: Base on Balls
Batting: RHB Justin Tomlinson 0-0: Ball
1-0: Called Strike
1-1: Ball
2-1: Ball
3-1: Called Strike
3-2: Foul Ball, location: 2F
3-2: Fly out, F7 (Flyball, 7)
Batting: LHB Jack Mitchell 0-0: Ball
Throwing error on steal attempt, E2
Howard Romero scores
Carlos Dumenigo to third
1-0: Called Strike
1-1: Foul Ball, location: 2F
1-2: Ball
2-2: Fly out, F8 (Flyball, 8LM)
Runner from 3rd tags up, SCORES, no throw
Batting: RHB Jonathon García 0-0: Ball
1-0: Ball
2-0: Called Strike
2-1: Ball
3-1: Foul Ball, location: 2F
3-2: Ground out 6-3 (Groundball, 6)
Top of the 4th over - 2 run(s), 1 hit(s), 1 error(s), 0 left on base; Amity Gardens 2 - Logan 3
BOTTOM OF THE 4TH
Logan Swans batting - Pitching for Amity Gardens Westerners : RHP James Mantle
Batting: LHB Roberto Herrera 0-0: Ball
1-0: Swinging Strike
1-1: Swinging Strike
1-2: Ball
2-2: Strikes out swinging
Batting: SHB Torajiro Ito 0-0: Called Strike
0-1: Ball
1-1: Ground out 4-3 (Groundball, 4)
Batting: RHB Júlio Ramos 0-0: Ball
1-0: Ball
2-0: SINGLE (Groundball, 5D)
Batting: LHB Francisco Ríos 0-0: Ball
1-0: Swinging Strike
1-1: Called Strike
1-2: Ball
2-2: Ball
3-2: Foul Ball, location: 2F
3-2: Fly out, F2 (Popup, 23)
Bottom of the 4th over - 0 run(s), 1 hit(s), 0 error(s), 1 left on base; Amity Gardens 2 - Logan 3
TOP OF THE 5TH
Amity Gardens Westerners batting - Pitching for Logan Swans : RHP Matt McGrath
Batting: RHB Pat Johnston 0-0: Ball
1-0: Foul Ball, location: 2F
1-1: Foul Ball, location: 2F
1-2: Strikes out swinging
Batting: RHB Gustavo Todd 0-0: Called Strike
0-1: Swinging Strike
0-2: Strikes out swinging
Batting: RHB Tomás Rivera 0-0: Ground out 4-3 (Groundball, 4M)
Top of the 5th over - 0 run(s), 0 hit(s), 0 error(s), 0 left on base; Amity Gardens 2 - Logan 3
BOTTOM OF THE 5TH
Logan Swans batting - Pitching for Amity Gardens Westerners : RHP James Mantle
Batting: RHB William Dyer 0-0: Ball
1-0: Called Strike
1-1: Swinging Strike
1-2: Ball
2-2: Ball
3-2: Strikes out swinging
Pitching: RHP Raúl Letona
Batting: SHB Francisco García 0-0: Foul Ball, location: 2F
0-1: Ball
1-1: Foul Ball, location: 2F
1-2: Strikes out swinging
Batting: RHB Víctor Cuevas 0-0: Ball
1-0: Called Strike
1-1: Ball
2-1: Ball
3-1: Base on Balls
Batting: LHB Merrill Erickson 0-0: Called Strike
0-1: Ball
1-1: Ball
2-1: SINGLE (Groundball, 5L) (infield hit)
Víctor Cuevas to second
Batting: RHB Lawrence Ware 0-0: Fielders Choice at 2nd, 4-6 (Groundball, 34)
Bottom of the 5th over - 0 run(s), 1 hit(s), 0 error(s), 1 left on base; Amity Gardens 2 - Logan 3
TOP OF THE 6TH
Amity Gardens Westerners batting - Pitching for Logan Swans : RHP Matt McGrath
Batting: RHB Manny Olhoa 0-0: Ball
1-0: Ball
2-0: Ball
3-0: Base on Balls
Batting: SHB Howard Romero 0-0: Called Strike
0-1: Called Strike
0-2: Ball
1-2: Ground out U3 (Groundball, 34)
Manny Olhoa to second
Pitching: LHP Jeremy Winston
Batting: RHB Carlos Dumenigo 0-0: Called Strike
0-1: Called Strike
Manny Olhoa steals 3rd base
0-2: Ball
1-2: Ball
2-2: Ball
3-2: Base on Balls
Batting: RHB Justin Tomlinson 0-0: Ball
Carlos Dumenigo steals 2nd base
1-0: Called Strike
1-1: Foul Ball, location: 2F
1-2: Foul Ball, location: 2F
1-2: Strikes out swinging
Batting: LHB Jack Mitchell Balk!
Manny Olhoa scores
Carlos Dumenigo to third
0-0: Foul Ball, location: 2F
0-1: Ball
1-1: Called Strike
1-2: Ball
2-2: Foul Ball, location: 2F
2-2: 2-RUN HOME RUN (Flyball, 7D), Distance : 399 ft
Pitching: RHP Mike Schmidt
Batting: RHB Jonathon García 0-0: Foul Ball, location: 2F
0-1: Swinging Strike
0-2: Ball
1-2: Ball
2-2: Strikes out swinging
Top of the 6th over - 3 run(s), 1 hit(s), 0 error(s), 0 left on base; Amity Gardens 5 - Logan 3
BOTTOM OF THE 6TH
Logan Swans batting - Pitching for Amity Gardens Westerners : RHP Raúl Letona
Batting: LHB Roberto Herrera 0-0: SINGLE (Flyball, 7S)
Batting: SHB Torajiro Ito 0-0: Fly out, F9 (Flyball, 89XD)
Batting: RHB Júlio Ramos 0-0: Foul Ball, location: 2F
0-1: 2-RUN HOME RUN (Line Drive, 78XD), Distance : 438 ft
Pitching: LHP Rodrigo Freitas
Batting: LHB Francisco Ríos 0-0: Called Strike
0-1: Ball
1-1: Ground out 4-3 (Groundball, 4)
Batting: RHB William Dyer 0-0: Ball
1-0: Called Strike
1-1: Foul Ball, location: 2F
1-2: Foul Ball, location: 2F
1-2: Foul Ball, location: 2F
1-2: Ball
2-2: Ground out 6-3 (Groundball, 6S)
Bottom of the 6th over - 2 run(s), 2 hit(s), 0 error(s), 0 left on base; Amity Gardens 5 - Logan 5
TOP OF THE 7TH
Amity Gardens Westerners batting - Pitching for Logan Swans : RHP Mike Schmidt
Pinch Hitting: SHB Chris Barrett 0-0: Ball
1-0: Ground out U3 (Groundball, 3)
Pinch Hitting: SHB John Kessler 0-0: Ball
1-0: Ball
2-0: Called Strike
2-1: SINGLE (Line Drive, 9S)
Pinch Hitting: RHB Bill Davis 0-0: Ball
John Kessler steals 2nd base
1-0: Intentional Walk
Pinch Hitting: RHB Luis López 0-0: Called Strike
0-1: Grounds into double play, 6-4-3 (Groundball, 6)
Top of the 7th over - 0 run(s), 1 hit(s), 0 error(s), 1 left on base; Amity Gardens 5 - Logan 5
BOTTOM OF THE 7TH
Logan Swans batting - Pitching for Amity Gardens Westerners : LHP Rodrigo Freitas
Now at 2B: Chris Barrett
Now at SS: Mel Wells
Now in LF: Peng Shuai
Now in RF: Steve Myers
Pinch Hitting: RHB Adrián Barrera 0-0: Called Strike
0-1: Ground out 6-3 (Groundball, 56)
Pinch Hitting: RHB Carlos Jiménez 0-0: DOUBLE (Line Drive, 3D)
Batting: LHB Merrill Erickson 0-0: Ball
1-0: Ball
2-0: Fly out, F8 (Flyball, 8LM)
Batting: RHB Lawrence Ware 0-0: Intentional Walk
Pinch Hitting: RHB Alfredo Salinas 0-0: Called Strike
0-1: Ball
1-1: Foul Ball, location: 2F
1-2: Strikes out looking
Bottom of the 7th over - 0 run(s), 1 hit(s), 0 error(s), 2 left on base; Amity Gardens 5 - Logan 5
TOP OF THE 8TH
Amity Gardens Westerners batting - Pitching for Logan Swans : RHP Mike Schmidt
Now at 1B: Jeremy Camanho
Now at 3B: Adrián Barrera
Now at SS: Carlos Jiménez
Pinch Hitting: RHB Xavier Silva 0-0: SINGLE (Groundball, 6MD)
Batting: RHB Carlos Dumenigo 0-0: Ball
1-0: Foul Ball, location: 2F
1-1: Grounds into double play, 5-4-3 (Groundball, 56)
Batting: RHB Justin Tomlinson 0-0: Called Strike
0-1: Foul Ball, location: 2F
0-2: Foul Ball, location: 2F
0-2: Strikes out looking
Top of the 8th over - 0 run(s), 1 hit(s), 0 error(s), 0 left on base; Amity Gardens 5 - Logan 5
BOTTOM OF THE 8TH
Logan Swans batting - Pitching for Amity Gardens Westerners : LHP Rodrigo Freitas
Now at 3B: Xavier Silva
Batting: SHB Torajiro Ito 0-0: Called Strike
0-1: SINGLE (Line Drive, 78S)
Pinch Runner at 1st Bob Coztana:
Batting: RHB Júlio Ramos 0-0: Ball
1-0: Bunted foul
1-1: Bunt missed!
1-2: Foul Ball, location: 2F
1-2: Ball
2-2: DOUBLE (Flyball, 9LD)
Bob Coztana to third
Pinch Hitting: RHB Joe Roberts 0-0: Intentional Walk
Batting: RHB William Dyer 0-0: Ball
1-0: Grounds into fielders choice 4-2 (Groundball, 4)
Júlio Ramos to third
Joe Roberts to second
Batting: RHB Adrián Barrera 0-0: Ball
1-0: Ball
2-0: Called Strike
2-1: Foul Ball, location: 2F
2-2: Foul Ball, location: 2F
2-2: Strikes out looking
Batting: RHB Carlos Jiménez 0-0: Called Strike
0-1: Ball
1-1: Foul Ball, location: 2F
1-2: Foul Ball, location: 2F
1-2: Foul Ball, location: 2F
1-2: Ball
2-2: Foul Ball, location: 2F
2-2: Fielders Choice at 2nd, U4 (Groundball, 4M)
Bottom of the 8th over - 0 run(s), 2 hit(s), 0 error(s), 3 left on base; Amity Gardens 5 - Logan 5
TOP OF THE 9TH
Amity Gardens Westerners batting - Pitching for Logan Swans : RHP Mike Schmidt
Pitching: LHP Lonnie Phillips
Now in CF: Nick Bailey
Batting: LHB Jack Mitchell 0-0: Ball
1-0: Ball
2-0: Ball
3-0: Called Strike
3-1: Called Strike
3-2: Foul Ball, location: 2F
3-2: DOUBLE (Line Drive, 9LD)
Batting: RHB Jonathon García 0-0: Called Strike
0-1: Called Strike
0-2: Strikes out swinging
Batting: SHB Chris Barrett 0-0: Intentional Walk
Pinch Hitting: RHB Ánibal Vega 0-0: Foul Ball, location: 2F
0-1: SINGLE (Line Drive, 89S)
Jack Mitchell to third
Chris Barrett to second
Batting: RHB Steve Myers 0-0: Ball
1-0: Foul Ball, location: 2F
1-1: Ball
2-1: Ball
3-1: Swinging Strike
3-2: Strikes out looking
Pinch Hitting: RHB Alfredo Medina 0-0: Ball
1-0: Ball
2-0: Foul Ball, location: 2F
2-1: Ball
3-1: SINGLE (Groundball, 4D)
Jack Mitchell scores
Chris Barrett to third
Ánibal Vega to second
Runner from 3rd tries for Home, SAFE, no throw
Pitching: RHP George Gore
Batting: RHB Xavier Silva 0-0: Called Strike
0-1: Swinging Strike
0-2: Ball
1-2: TRIPLE (Line Drive, 78M)
Ánibal Vega scores
Alfredo Medina scores
Pinch Runner at 3rd Jorge García:
Batting: RHB Carlos Dumenigo 0-0: Ball
1-0: Ball
2-0: Ball
3-0: Called Strike
3-1: Ground out 6-3 (Groundball, 6)
Top of the 9th over - 4 run(s), 4 hit(s), 0 error(s), 1 left on base; Amity Gardens 9 - Logan 5
BOTTOM OF THE 9TH
Logan Swans batting - Pitching for Amity Gardens Westerners : LHP Rodrigo Freitas
Now at 3B: Jorge García
Now at SS: Ánibal Vega
Now in LF: Alfredo Medina
Batting: LHB Merrill Erickson 0-0: Fly out, F9 (Flyball, 9)
Batting: RHB Lawrence Ware 0-0: Called Strike
0-1: Fly out, F9 (Flyball, 9)
Pitching: RHP Cisco López
Batting: RHB Jeremy Camanho 0-0: Called Strike
0-1: Foul Ball, location: 2F
0-2: Ball
1-2: Ball
2-2: Strikes out looking
Bottom of the 9th over - 0 run(s), 0 hit(s), 0 error(s), 0 left on base; Amity Gardens 9 - Logan 5
Tuesday, August 8th, 2017 - OOTP Baseball 17.12 Build 75